 Dungeon Crawl Stone Soup version 0.27.1-35-g4d5d836560 (webtiles) character file.

Game seed: 1333328294869608176

106 cbfl8 the Shield-Bearer (level 4, -1/40 HPs)
             Began as a Minotaur Fighter on Mar 25, 2022.
             Slain by an orc (6 damage)
             ... on level 3 of the Dungeon.
             The game lasted 00:03:45 (2039 turns).

cbfl8 the Shield-Bearer (Minotaur Fighter)          Turns: 2039, Time: 00:03:46

Health: -1/40      AC:  7    Str: 22    XL:     4   Next: 55%
Magic:  3/3        EV:  8    Int:  5    God:
Gold:   57         SH:  9    Dex:  9    Spells: 3/3 levels left

rFire    . . .     SeeInvis .   a - +1 war axe
rCold    . . .     Faith    .   c - +0 kite shield
rNeg     . . .     Spirit   .   b - +0 scale mail
rPois    .         Reflect  .   (helmet restricted)
rElec    .         Harm     .   (no cloak)
rCorr    .         Rampage  .   (no gloves)
Will     .....                  (no boots)
Stlth    ..........             (no amulet)
HPRegen  0.13/turn              e - ring of flight
MPRegen  0.08/turn              (no ring)

@: mighty, flying
A: horns 2, retaliatory headbutt
a: no special abilities


You were on level 3 of the Dungeon.
You visited 1 branch of the dungeon, and saw 3 of its levels.

You collected 57 gold pieces.

Inventory:

Hand Weapons
 a - a +1 war axe (weapon)
Armour
 b - a +0 scale mail (worn)
 c - a +0 kite shield (worn)
 f - a +0 ring mail
Jewellery
 e - a ring of flight (left hand)
Scrolls
 h - a scroll of acquirement
Potions
 g - a potion of attraction {unknown}
 i - a potion of ambrosia {unknown}


   Skills:
 + Level 4.1 Fighting
 + Level 4.0 Axes
 + Level 4.2 Armour
 + Level 1.0 Dodging
 + Level 4.4 Shields


You had 3 spell levels left.
You didn't know any spells.
Your spell library contained the following spells:

 Spells                   Type           Power      Damage    Failure   Level
 Shock                    Conj/Air       0%         1d3       99%         1
 Static Discharge         Conj/Air       0%         N/A       100%        2
 Swiftness                Air            0%         N/A       100%        3
 Airstrike                Air            0%         N/A       100%        4
 Lightning Bolt           Conj/Air       0%         1d11      100%        5
 Maxwell's Capacitive Co  Air            0%         ∞         100%        8


Dungeon Overview and Level Annotations

Branches:
Dungeon (3/15)

Altars:


Innate Abilities, Weirdness & Mutations

You have a pair of horns on your head.
You reflexively headbutt those who attack you in melee.


Message History

The goblin shouts!
The ufetubus hits you. You block the ufetubus's attack.
The ufetubus hits you but does no damage. x2
The orc hits you but does no damage. You block the ufetubus's attack.
The ufetubus hits you but does no damage.
You closely miss the ufetubus. The ufetubus barely misses you.
You block the ufetubus's attack.
An orc priest comes into view. It is wielding a +0 flail.
The ufetubus hits you. You block the ufetubus's attack.
You closely miss the ufetubus. You block the ufetubus's attack. x2
You block the orc's attack. The ufetubus barely misses you.
The ufetubus hits you but does no damage.
You slash the ufetubus!
You kill the ufetubus!
The orc barely misses you.
The orc priest invokes the aid of Beogh against you.
Beogh smites you!
The orc throws a boomerang.
You block the boomerang.
An orc comes into view. It is wielding a +0 flail.
Your Axes skill increases to level 4!
As you read the scroll labelled RELUGE VEPNU, it crumbles to dust.
It is a scroll of amnesia.
You feel forgetful for a moment. You block the orc's attack.
The orc hits you but does no damage.
As you read the scroll labelled RUUMYGH DALUMO, it crumbles to dust.
It is a scroll of enchant weapon.
Your +0 war axe glows red for a moment.
The orc hits you but does no damage. x2
The orc misses you.
As you read the scroll labelled PULINU IBIHEARGHOG, it crumbles to dust.
It is a scroll of identify.
h - a scroll of acquirement The orc hits you but does no damage.
The orc hits you with a +0 whip.
The orc hits you from afar with a +0 trident!
* * * LOW HITPOINT WARNING * * *
You feel very mighty all of a sudden.
The orc priest looks satisfied for a moment.
The orc hits you with a +0 hand axe.
* * * LOW HITPOINT WARNING * * *
You block the orc's attack.
The orc hits you from afar with a +0 trident.
You die...

..# .. #.#
##o.## ...o.
#og# #o##
######@o###
...........#
########.#.#
#.#.# #.†.#
##..# #..#
##.# #.#


You could see an orc priest, 4 orcs and a goblin.

Vanquished Creatures
  3 gnolls (D:2)
  2 adders (D:2)
  An ufetubus (D:3)
  A dart slug (D:2)
  8 endoplasms
  2 giant cockroaches
  7 goblins
  3 hobgoblins
  4 jackals (D:1)
  3 kobolds
  A quokka (D:1)
  3 ball pythons
  3 bats (D:1)
  5 frilled lizards (D:1)
  3 rats
49 creatures vanquished.

Notes
Turn   | Place    | Note
-------+----------+-------------------------------------------
     0 | D:1      | cbfl8 the Minotaur Fighter began the quest for the Orb.
     0 | D:1      | Reached XP level 1. HP: 19/19 MP: 0/0
     7 | D:1      | Noticed a komodo dragon
     7 | D:1      | Noticed a swamp drake
     7 | D:1      | Noticed a polar bear
     8 | D:1      | Noticed an anaconda
     8 | D:1      | Noticed a hound
   143 | D:1      | Reached XP level 2. HP: 24/27 MP: 1/1
   682 | D:1      | Reached XP level 3. HP: 33/33 MP: 2/2
   953 | D:2      | Reached skill level 1 in Dodging
  1451 | D:2      | Reached XP level 4. HP: 40/40 MP: 3/3
  2038 | D:3      | Identified a scroll of acquirement
  2039 | D:3      | Slain by an orc

Illustrated notes

Levels and vault maps discovered:
D:1:      onia_arrival_zoo_common, layout_loops_ring
D:2:      layout_basic
D:3:      layout_basic

Skill      XL: |  1  2  3  4 |
---------------+-------------+-----
Fighting       | 4 |  4.1
Shields        | 4 |  4.4
Axes           | 3 4 |  4.0
Dodging        | 1 |  1.0
Armour         | 4 |  4.2

Action                   |  1- 3 |  4- 6 || total
-------------------------+-------+-------++-------
Melee: War axe           |    82 |    22 ||   104
       Headbutt          |    14 |     2 ||    16
  Use: Scroll            |       |     3 ||     3
       Potion            |       |     1 ||     1
Armor: Scale mail        |    58 |    15 ||    73
Dodge: Dodged            |    39 |    13 ||    52
Block: Kite shield       |    53 |    19 ||    72
